 Dungeon Crawl Stone Soup version 0.25-a0-578-gc91f01c39c (webtiles) character file.

Game seed: 2706086648909973911, levelgen mode: deterministic

4401 Kohma the Martial Artist (level 10, 0/76 HPs)
             Began as a Gnoll Transmuter on Mar 5, 2020.
             Was a Priest of Okawaru.
             Slain by a yak (12 damage)
             ... on level 9 of the Dungeon.
             The game lasted 00:21:48 (7609 turns).

Kohma the Martial Artist (Gnoll Transmuter)         Turns: 7609, Time: 00:21:48

Health: 0/76       AC:  2    Str: 12    XL:     10   Next: 35%
Magic:  14/20      EV: 27    Int: 19    God:    Okawaru [***...]
Gold:   455        SH:  0    Dex: 21    Spells: 15/23 levels left

rFire    . . .     SeeInvis .     - Unarmed
rCold    . . .     Gourm    +   (shield currently unavailable)
rNeg     + . .     Faith    .   (armour currently unavailable)
rPois    x         Spirit   .   (helmet currently unavailable)
rElec    .         Reflect  .   (cloak currently unavailable)
rCorr    .         Harm     .   (gloves currently unavailable)
MR       .....                  (boots currently unavailable)
Stlth    +++.......             j - amulet of the gourmand
HPRegen  0.22/turn              y - ring of positive energy
MPRegen  0.17/turn              (no ring)

@: spider-form, slowed, very slow
A: tiny, distributed training, strong nose
a: End Transformation, Heroism, Renounce Religion


You were on level 9 of the Dungeon.
You worshipped Okawaru.
Okawaru was most pleased with you.
You were completely stuffed.
You were a venomous arachnid creature.
You visited 2 branches of the dungeon, and saw 10 of its levels.

You collected 455 gold pieces.

Inventory:

Hand Weapons
 h - a +0 rapier of speed
 F - a +4 hunting sling of freezing
Missiles
 a - 107 arrows
 c - 187 stones
 f - 4 throwing nets
 k - 83 poisoned darts (quivered)
 r - 43 bolts
 t - 71 sling bullets
Armour
 b - a +1 pair of boots (melded)
 n - a +0 helmet (melded)
 o - a +2 cloak (melded)
 A - a +0 kite shield
 D - a +0 ring mail of poison resistance (melded)
Jewellery
 j - an amulet of the gourmand (around neck)
 y - a ring of positive energy (left front leg)
Wands
 g - a wand of disintegration (12)
 q - a wand of random effects (14)
 z - a wand of acid (15)
Scrolls
 w - 4 scrolls of teleportation
 B - 3 scrolls of amnesia
 C - a scroll of remove curse
Potions
 e - 4 potions of lignification
 i - 2 potions of resistance
 l - a potion of haste {unknown}
 m - 2 potions of might
 p - a potion of berserk rage {unknown}
 s - 3 potions of curing
 u - 3 potions of stabbing
 E - a potion of invisibility
 G - a potion of flight {unknown}
Comestibles
 d - 26 rations
 v - a chunk of flesh


   Skills:
 + Level 5.8 Fighting
 + Level 5.1 Short Blades
 + Level 5.1 Long Blades
 + Level 5.1 Axes
 + Level 5.1 Maces & Flails
 + Level 5.1 Polearms
 + Level 5.1 Staves
 + Level 5.1 Slings
 + Level 5.1 Bows
 + Level 5.1 Crossbows
 + Level 5.1 Throwing
 + Level 5.1 Armour
 + Level 6.9 Dodging
 + Level 5.1 Stealth
 + Level 5.1 Shields
 + Level 8.4 Unarmed Combat
 + Level 7.2 Spellcasting
 + Level 4.2 Conjurations
 + Level 4.2 Hexes
 + Level 4.2 Charms
 + Level 4.2 Summonings
 + Level 4.2 Necromancy
 + Level 4.2 Translocations
 + Level 5.7 Transmutations
 + Level 4.2 Fire Magic
 + Level 4.2 Ice Magic
 + Level 4.2 Air Magic
 + Level 4.2 Earth Magic
 + Level 4.2 Poison Magic
 + Level 5.6 Invocations
 + Level 5.1 Evocations


You had 15 spell levels left.
You knew the following spells:

 Your Spells              Type           Power        Failure   Level  Hunger
a - Mephitic Cloud        Conj/Pois/Air  ###.....     16%         3    #......
b - Sticks to Snakes      Tmut           ####....     6%          2    None
c - Spider Form           Tmut/Pois      ####......   12%         3    #......

Your spell library contained the following spells:

 Spells                   Type           Power        Failure   Level  Hunger
 Beastly Appendage        Tmut           ####..       4%          1    None
 Stone Arrow              Conj/Erth      ###...       16%         3    #......
 Ice Form                 Ice/Tmut       ####....     30%         4    ###....
 Blade Hands              Tmut           ####......   47%         5    #####..
 Bolt of Magma            Conj/Fire/Erth ###.......   65%         5    #####..


Dungeon Overview and Level Annotations

Branches:
Dungeon (9/15)             Temple (1/1) D:7
   Lair: D:8-11         Orc: D:9-12

Altars:
Ashenzari
Dithmenos
Elyvilon
Fedhas
Gozag
Hepliaklqana
Kikubaaqudgha
Okawaru
Qazlal
Ru
Sif Muna
Trog
Vehumet
Wu Jian
Xom
Yredelemnul
Zin
The Shining One

Shops:
D:9 !

Annotations:
D:4 2 runed translucent doors, Armakuni's ghost, amateur HuWr


Innate Abilities, Weirdness & Mutations

Your experience applies equally to all skills.
((You have very sharp teeth.))
Your uncanny sense of smell can sniff out nearby items.


Message History

The yak barely misses you.
You bite the yak!
The yak looks as sick as possible!
The yak is almost dead.
You kill the yak!
Okawaru accepts your kill. The yak misses you.
You hit the yak.
The yak is poisoned.
The yak is lightly wounded.
The phantom blinks!
The yak misses you.
You barely miss the yak.
The yak is lightly wounded.
The orc wizard gestures wildly while chanting.
The orc wizard seems to speed up.
The yak closely misses you.
You bite the yak!
The yak looks as sick as possible!
The yak is moderately wounded.
The yak barely misses you.
You bite the yak!
The yak looks as sick as possible!
The yak is severely wounded.
The yak completely misses you. The yak gores you!
You die...

...............#..#
............... ...######
...............###......#
...o.................##.#
.........>...............
#.Y...F#.....# #####.....
#####))...#########.....
###....o######............
#......YYs.....########...
..#.....######## ####
#.....# #...Y.# ###...#
..... ##..#. #.# # ..


You could see 2 yaks and an orc wizard.

Vanquished Creatures
  A two-headed ogre (D:8)
  Pikel (D:8)
  Joseph (D:8)
  Grinder (D:4)
  A hippogriff (D:9)
  A spriggan (D:8)
  A yak (D:9)
  Duvessa (D:7)
  2 orc warriors (D:8)
  A phantom (D:5)
  A sky beast (D:8)
  An ogre (D:5)
  An ice beast (D:9)
  A centaur (D:6)
  Dowan (D:7)
  2 scorpions
  A howler monkey (D:4)
  2 crimson imps
  A quasit (D:6)
  2 centaur skeletons
  5 hounds
  A jelly (D:8)
  8 orc priests
  2 bullfrog zombies
  A gnoll shaman (D:5)
  Terence (D:3)
  An iguana (D:8)
  Ijyb (D:4)
  Natasha (thrice) (D:3)
  3 orc wizards
  2 hound zombies
  A worker ant zombie (D:7)
  6 gnolls
  10 adders
  An ooze (D:2)
  4 worms
  An adder skeleton (D:8)
  4 dart slugs (D:1)
  3 leopard geckos
  30 orcs
  8 bats
  5 giant cockroaches
  10 goblins
  10 hobgoblins
  6 jackals
  3 kobolds
  3 quokkas
  3 ball pythons
  6 frilled lizards
  A jackal zombie (D:7)
  A leopard gecko zombie (D:5)
  7 rats
175 creatures vanquished.

Vanquished Creatures (collateral kills)
  An ogre (D:4)
  A bullfrog (D:6)
  An orc (D:3)
  A quokka (D:4)
  A ball python (D:4)
5 creatures vanquished.

Grand Total: 180 creatures vanquished

Notes
Turn   | Place    | Note
-------+----------+-------------------------------------------
     0 | D:1      | Kohma the Gnoll Transmuter began the quest for the Orb.
     0 | D:1      | Reached XP level 1. HP: 17/17 MP: 6/6
   181 | D:1      | Reached XP level 2. HP: 23/23 MP: 7/7
   452 | D:1      | Learned a level 2 spell: Sticks to Snakes
   758 | D:1      | Reached XP level 3. HP: 28/28 MP: 9/9
   934 | D:1      | Reached skill level 5 in Spellcasting
  1221 | D:1      | Learned a level 3 spell: Spider Form
  1249 | D:2      | Reached skill level 1 in Invocations
  1609 | D:2      | Reached skill level 1 in Short Blades
  1609 | D:2      | Reached skill level 1 in Long Blades
  1609 | D:2      | Reached skill level 1 in Axes
  1609 | D:2      | Reached skill level 1 in Maces & Flails
  1609 | D:2      | Reached skill level 1 in Polearms
  1609 | D:2      | Reached skill level 1 in Staves
  1609 | D:2      | Reached skill level 1 in Slings
  1609 | D:2      | Reached skill level 1 in Bows
  1609 | D:2      | Reached skill level 1 in Crossbows
  1609 | D:2      | Reached skill level 1 in Throwing
  1609 | D:2      | Reached skill level 1 in Armour
  1609 | D:2      | Reached skill level 1 in Stealth
  1609 | D:2      | Reached skill level 1 in Shields
  1609 | D:2      | Reached skill level 1 in Evocations
  1673 | D:2      | Reached XP level 4. HP: 34/34 MP: 11/11
  1976 | D:3      | Reached skill level 1 in Conjurations
  1976 | D:3      | Reached skill level 1 in Hexes
  1976 | D:3      | Reached skill level 1 in Charms
  1976 | D:3      | Reached skill level 1 in Summonings
  1976 | D:3      | Reached skill level 1 in Necromancy
  1976 | D:3      | Reached skill level 1 in Translocations
  1976 | D:3      | Reached skill level 1 in Fire Magic
  1976 | D:3      | Reached skill level 1 in Ice Magic
  1976 | D:3      | Reached skill level 1 in Air Magic
  1976 | D:3      | Reached skill level 1 in Earth Magic
  1976 | D:3      | Reached skill level 1 in Poison Magic
  2022 | D:3      | Reached XP level 5. HP: 17/40 MP: 12/12
  2217 | D:3      | Noticed Natasha
  2225 | D:3      | Killed Natasha
  2327 | D:3      | Noticed Terence
  2334 | D:3      | Killed Terence
  2398 | D:3      | Noticed Natasha
  2405 | D:3      | Killed Natasha
  2405 | D:3      | Reached XP level 6. HP: 47/47 MP: 9/13
  2464 | D:3      | Noticed Natasha
  2471 | D:3      | Killed Natasha
  2699 | D:3      | Reached skill level 5 in Dodging
  2940 | D:4      | Noticed Grinder
  3008 | D:4      | Killed Grinder
  3008 | D:4      | Reached skill level 7 in Unarmed Combat
  3008 | D:4      | Reached XP level 7. HP: 33/52 MP: 4/15
  3072 | D:4      | Noticed Ijyb
  3081 | D:4      | Killed Ijyb
  3305 | D:4      | Found a large runed translucent door.
  3305 | D:4      | Found a large runed translucent door.
  3305 | D:4      | Noticed Armakuni's ghost (amateur HuWr)
  3504 | D:5      | Entered Level 5 of the Dungeon
  4176 | D:5      | Reached XP level 8. HP: 60/60 MP: 12/16
  4784 | D:6      | Identified the Compendium of Confrontation
  4798 | D:6      | Learned a level 3 spell: Mephitic Cloud
  5547 | D:7      | Found a staircase to the Ecumenical Temple.
  5554 | Temple   | Entered the Ecumenical Temple
  5657 | Temple   | Became a worshipper of Warmaster Okawaru
  5806 | D:7      | Noticed Dowan
  5809 | D:7      | Noticed Duvessa
  5819 | D:7      | Killed Duvessa
  5824 | D:7      | Killed Dowan
  6223 | D:8      | Reached XP level 9. HP: 18/66 MP: 16/18
  6482 | D:8      | Reached skill level 5 in Transmutations
  6501 | D:8      | Noticed a two-headed ogre
  6517 | D:8      | Killed a two-headed ogre
  6517 | D:8      | Reached * piety under Okawaru
  6517 | D:8      | Reached skill level 5 in Fighting
  6885 | D:8      | Noticed Pikel
  6902 | D:8      | Killed Pikel
  6902 | D:8      | Reached ** piety under Okawaru
  6902 | D:8      | Reached skill level 8 in Unarmed Combat
  6902 | D:8      | Reached skill level 5 in Invocations
  6939 | D:8      | Noticed Joseph
  6965 | D:8      | Killed Joseph
  6965 | D:8      | Reached *** piety under Okawaru
  6965 | D:8      | Reached XP level 10. HP: 56/74 MP: 13/20
  7514 | D:9      | Reached skill level 5 in Short Blades
  7514 | D:9      | Reached skill level 5 in Long Blades
  7514 | D:9      | Reached skill level 5 in Axes
  7514 | D:9      | Reached skill level 5 in Maces & Flails
  7514 | D:9      | Reached skill level 5 in Polearms
  7514 | D:9      | Reached skill level 5 in Staves
  7514 | D:9      | Reached skill level 5 in Slings
  7514 | D:9      | Reached skill level 5 in Bows
  7514 | D:9      | Reached skill level 5 in Crossbows
  7514 | D:9      | Reached skill level 5 in Throwing
  7514 | D:9      | Reached skill level 5 in Armour
  7514 | D:9      | Reached skill level 5 in Stealth
  7514 | D:9      | Reached skill level 5 in Shields
  7514 | D:9      | Reached skill level 5 in Evocations
  7517 | D:9      | Found Narres's Distillery.
  7609 | D:9      | Slain by a yak

Levels and vault maps discovered:
D:1:      psy_arrival_fountain, layout_loops_corners
D:2:      layout_basic, item_on_display_a
D:3:      layout_basic, columned_hall_lemuel, uniq_natasha, uniq_terence
D:4:      layout_rooms, ebering_ghost_disaster_area, first_ration, uniq_ijyb,
          uniq_grinder
D:5:      layout_loops_ring
D:6:      layout_basic
D:7:      layout_cave_pools, minmay_temple_entry_junction, uniq_duvessa
D:8:      corexii_shack_village, layout_gridville, the_bakery, uniq_joseph,
          uniq_pikel
D:9:      layout_rooms, chequers_temple_overflow_statue_of_worship,
          serial_shops, kennysheep_mini_moat
Temple:   compressed_dpeg_circular_temple

Skill      XL: |  1  2  3  4  5  6  7  8  9 10 |
---------------+-------------------------------+-----
Spellcasting   | 5 6 7 |  7.2
Invocations    | 1 2 3 4 5 |  5.6
Short Blades   | 1 2 3 4 5 |  5.1
Long Blades    | 1 2 3 4 5 |  5.1
Axes           | 1 2 3 4 5 |  5.1
Maces & Flails | 1 2 3 4 5 |  5.1
Polearms       | 1 2 3 4 5 |  5.1
Staves         | 1 2 3 4 5 |  5.1
Slings         | 1 2 3 4 5 |  5.1
Bows           | 1 2 3 4 5 |  5.1
Crossbows      | 1 2 3 4 5 |  5.1
Throwing       | 1 2 3 4 5 |  5.1
Armour         | 1 2 3 4 5 |  5.1
Stealth        | 1 2 3 4 5 |  5.1
Shields        | 1 2 3 4 5 |  5.1
Evocations     | 1 2 3 4 5 |  5.1
Conjurations   | 1 2 3 4 |  4.2
Hexes          | 1 2 3 4 |  4.2
Charms         | 1 2 3 4 |  4.2
Summonings     | 1 2 3 4 |  4.2
Necromancy     | 1 2 3 4 |  4.2
Translocations | 1 2 3 4 |  4.2
Fire Magic     | 1 2 3 4 |  4.2
Ice Magic      | 1 2 3 4 |  4.2
Air Magic      | 1 2 3 4 |  4.2
Earth Magic    | 1 2 3 4 |  4.2
Poison Magic   | 1 2 3 4 |  4.2
Fighting       | 3 4 5 |  5.8
Transmutations | 4 5 |  5.7
Dodging        | 5 6 |  6.9
Unarmed Combat | 7 8 |  8.4

Action                   |  1- 3 |  4- 6 |  7- 9 | 10-12 || total
-------------------------+-------+-------+-------+-------++-------
Melee: Unarmed           |    82 |   136 |   313 |   101 ||   632
       Punch             |     2 |       |     2 |     1 ||     5
       Bite              |     4 |     1 |    18 |     7 ||    30
       Headbutt          |     1 |       |       |       ||     1
 Cast: Sticks to Snakes  |     1 |     7 |     4 |       ||    12
       Beastly Appendage |     1 |       |       |       ||     1
       Spider Form       |     1 |    10 |    21 |     6 ||    38
       Mephitic Cloud    |       |       |     1 |     2 ||     3
  Use: Scroll            |       |     7 |    10 |     2 ||    19
       Potion            |       |       |       |     1 ||     1
 Stab: Sleeping          |     4 |     2 |     3 |     1 ||    10
       Distracted        |       |       |     2 |       ||     2
       Confused          |       |       |     1 |       ||     1
  Eat: Chunk             |     2 |     5 |    32 |     3 ||    42
Armor: Leather armour    |    20 |    26 |    22 |       ||    68
       Robe              |     1 |       |       |       ||     1
       Skin              |     1 |     6 |     7 |     2 ||    16
       Ring mail         |       |       |    13 |    10 ||    23
Dodge: Dodged            |    69 |   161 |   309 |    89 ||   628

Table legend:
 A = Non-vault XP
 B = Vault XP
 C = Vault XP percentage of total XP
 D = Non-vault monster count
 E = Vault monster count
 F = Vault count percentage of total count
                 A         B        C        D         E       F
            +---------+---------+-------+---------+---------+-------
      Total |    4273 |    2015 |  32.0 |     160 |      20 |  11.1
            +---------+---------+-------+---------+---------+-------
        D:1 |      40 |       0 |   0.0 |      19 |       0 |   0.0
        D:2 |      50 |       0 |   0.0 |      23 |       0 |   0.0
        D:3 |     284 |      74 |  20.7 |      31 |       2 |   6.1
        D:4 |     296 |     323 |  52.2 |      19 |       2 |   9.5
        D:5 |     445 |       0 |   0.0 |      14 |       0 |   0.0
        D:6 |     302 |       0 |   0.0 |       9 |       0 |   0.0
        D:7 |     212 |     224 |  51.4 |      10 |       2 |  16.7
        D:8 |    1845 |    1394 |  43.0 |      24 |      14 |  36.8
        D:9 |     799 |       0 |   0.0 |      11 |       0 |   0.0
            +---------+---------+-------+---------+---------+-------
